Map: Neon Violet Square LE

Players

destroyerguy

  • Race: Protoss Protoss
  • Spawn Location: 5:00

CupCakeBaby - Winner!

  • Race: Zerg Zerg
  • League: Bronze
  • Spawn Location: 11:00

VOD

Have the link to the VOD?

Description

Time

  • Played on: Nov. 24, 2017, 10:38 p.m.
  • Length: 22:22
Show
View Real Time Build Order
Export as new Build Order

destroyerguy Protoss 

Build Orders:  

Get SALT Encoding   

  12  0:02  Probe  
  13  0:14  Probe  
  14  0:22  Pylon  
  14  0:29  Probe  
  15  0:41  Probe  
  15  0:42  Gateway  
  16  0:50  Pylon  
  16  0:59  Assimilator  
  16  1:05  Assimilator  
  16  1:09  Probe  
  17  1:21  Probe  
  18  1:34  Cybernetics Core  
  18  1:37  Probe  
  19  1:49  Probe  
  20  1:59  Gateway  
  20  2:01  Probe  
  21  2:10  Pylon  
  21  2:12  Warp Gate (Chrono Boost)  
  21  2:14  Probe  
  22  2:20  Zealot  
  24  2:26  Probe  
  25  2:30  Twilight Council  
  25  2:40  Probe  
  26  2:48  Zealot  
  26  2:49  Stalker  
  30  3:06  Charge (Chrono Boost)  
  30  3:17  Templar Archives  
  30  3:40  Nexus  
  30  3:44  Pylon  
  30  3:47  Pylon  
  30  3:53  Assimilator  
  30  3:56  Assimilator  
  30  4:22  Gateway x2  
  30  4:26  Pylon  
  30  4:35  Pylon  
  30  4:40  Forge  
  30  4:42  Psionic Storm  
  30  5:08  Zealot  
  30  5:09  Zealot  
  34  5:15  Probe  
  35  5:27  Probe  
  36  5:39  Probe  
  37  5:48  Photon Cannon x2  
  37  5:51  Probe, Shield Battery  
  38  6:00  Photon Cannon  
  38  6:03  Probe  
  39  6:21  High Templar x2  
  39  6:22  High Templar  
  39  6:23  High Templar  
  41  7:50  Stalker x2  
  41  7:55  High Templar  
  41  7:56  High Templar  
  45  8:12  Robotics Facility  
  45  8:13  Robotics Facility  
  45  8:15  Pylon  
  45  8:17  Pylon  
  45  8:22  Stalker  
  45  8:23  Stalker  
  49  8:29  High Templar  
  49  8:34  High Templar  
  53  8:38  Probe  
  54  8:50  Probe  
  55  9:02  Probe  
  56  9:14  Probe, Robotics Bay  
  57  9:26  Probe (Chrono Boost)  
  59  9:38  Probe (Chrono Boost)  
  59  9:44  Probe (Chrono Boost)  
  60  9:52  Probe  
  61  10:04  Probe  
  62  10:15  Pylon  
  62  10:18  Pylon  
  62  10:20  Pylon  
  62  10:23  Pylon  
  62  10:30  Nexus  
  62  10:35  Pylon  
  62  10:37  Pylon  
  62  10:40  Assimilator  
  62  10:44  Assimilator, Stalker  
  62  10:45  Stalker  
  62  10:46  Stalker  
  62  10:47  Stalker  
  70  10:58  Immortal x2  
  78  11:18  Stalker  
  80  11:19  Stalker  
  80  11:23  Zealot  
  80  11:24  Zealot  
  86  11:36  Colossus  
  86  11:37  Colossus  
  98  11:47  Probe  
  99  11:59  Probe  
  100  12:05  Protoss Ground Weapons Level 1 (Chrono Boost)  
  100  12:11  Probe  
  101  12:21  High Templar  
  101  12:22  High Templar  
  105  12:23  Probe  
  105  12:24  Zealot  
  105  12:25  Zealot  
  110  12:31  Immortal x2  
  110  12:35  Probe  
  119  12:53  Probe  
  120  13:05  Probe  
  120  13:12  Observer  
  122  13:14  Observer  
  122  13:18  Probe  
  124  13:20  Extended Thermal Lance (Chrono Boost)  
  124  13:30  Probe  
  125  13:42  Probe  
  125  13:44  Zealot  
  125  13:45  Zealot  
  125  13:46  Zealot x2  
  134  13:49  Protoss Ground Armor Level 1  
  134  14:09  Adept  
  136  14:10  Adept x2  
  136  14:11  Adept  
  136  14:13  Probe  
  143  14:25  Probe  
  142  14:37  Probe  
  97  14:49  Probe  
  70  15:01  Probe  
  67  15:43  Protoss Shields Level 1  
  36  16:36  Nexus  
  36  16:41  Assimilator  
  36  16:46  Assimilator  
  36  16:49  Pylon  
  36  16:51  Pylon  
  36  16:54  Pylon  
  36  16:59  Pylon  
  36  17:02  Pylon  
  36  17:08  Pylon  
  36  17:10  Photon Cannon  
  36  17:12  Photon Cannon  
  36  17:13  Photon Cannon  
  36  17:16  Photon Cannon  
  36  17:36  High Templar x2  
  40  17:37  High Templar x2  
  42  17:54  Gateway  
  42  17:56  Gateway  
  34  18:09  Photon Cannon  
  14  18:24  Nexus  
  2  18:55  Probe  
  1  20:05  Nexus  
  1  20:07  Nexus  
  1  20:12  Nexus  
  1  20:18  Nexus  
  1  20:22  Nexus  
  1  20:30  Nexus  
  1  20:32  Nexus  
  1  20:37  Nexus  
  1  20:41  Nexus  
  1  20:44  Nexus  
  1  20:49  Nexus  
  1  20:50  Nexus  
  1  21:08  Pylon  
  1  21:09  Pylon  
Show
View Real Time Build Order
Export as new Build Order

CupCakeBaby Zerg - Winner!

Build Orders: Pool First 

Get SALT Encoding   

  12  0:21  Spawning Pool  
  12  0:28  Overlord  
  11  0:31  Drone  
  12  0:36  Drone  
  12  0:41  Drone  
  14  0:55  Extractor  
  13  1:10  Zergling x4  
  15  1:14  Zergling x2  
  16  1:20  Queen  
  18  1:44  Zergling x2  
  19  1:59  Hatchery  
  18  2:24  Drone x2  
  18  2:25  Drone  
  21  2:55  Hatchery  
  20  3:08  Lair  
  20  3:14  Overlord  
  20  3:16  Drone x2  
  22  3:23  Queen  
  22  3:25  Drone  
  26  3:27  Drone  
  26  3:37  Overlord  
  26  3:50  Evolution Chamber  
  26  3:54  Evolution Chamber  
  24  3:58  Drone  
  24  4:00  Evolution Chamber  
  24  4:01  Drone  
  25  4:04  Drone  
  27  4:10  Drone  
  27  4:13  Drone  
  28  4:17  Drone  
  29  4:27  Drone  
  29  4:28  Drone  
  29  4:30  Drone  
  29  4:31  Drone  
  33  4:34  Drone  
  33  4:36  Drone  
  35  4:45  Hydralisk Den  
  34  4:50  Queen  
  36  4:53  Drone  
  36  4:55  Drone  
  36  4:56  Zergling x2  
  39  5:02  Drone  
  39  5:03  Drone x2  
  39  5:05  Drone  
  43  5:08  Drone  
  44  5:19  Zergling x4  
  46  5:34  Pneumatized Carapace  
  46  5:39  Burrow  
  46  5:42  Hydralisk  
  46  5:43  Hydralisk  
  46  5:47  Overlord x3  
  50  5:56  Overlord x2  
  50  5:57  Overlord  
  50  6:04  Zerg Melee Weapons Level 1  
  50  6:13  Extractor  
  49  6:28  Infestation Pit  
  48  6:41  Drone x3  
  51  6:47  Extractor  
  51  6:51  Extractor  
  44  7:17  Hydralisk x3  
  44  7:18  Hydralisk x2  
  46  7:54  Hydralisk  
  46  7:55  Hydralisk x2  
  46  7:57  Hydralisk  
  46  7:58  Hydralisk  
  54  8:04  Extractor  
  55  8:09  Extractor  
  54  8:19  Drone x3  
  58  8:20  Drone x7  
  64  8:33  Queen  
  66  8:35  Drone x3  
  66  8:41  Zerg Melee Weapons Level 2  
  69  8:43  Zerg Missile Weapons Level 1  
  69  8:50  Zerg Ground Armor Level 1  
  69  9:16  Drone x2  
  72  9:17  Drone  
  72  9:33  Spire  
  72  9:34  Overseer  
  71  9:42  Overlord x2  
  71  9:49  Hydralisk  
  71  9:50  Hydralisk x6  
  71  9:51  Hydralisk x2  
  89  9:54  Hydralisk  
  91  10:10  Overlord x2  
  91  10:11  Overlord x3  
  91  10:14  Hatchery  
  90  10:45  Hive  
  90  10:50  Corruptor x5  
  90  10:51  Corruptor  
  102  11:25  Hatchery  
  101  11:35  Hydralisk  
  101  11:36  Hydralisk x6  
  101  11:37  Hydralisk x6  
  127  11:55  Drone x3  
  127  11:56  Drone x5  
  135  12:01  Overseer  
  135  12:06  Queen  
  137  12:13  Zerg Melee Weapons Level 3  
  137  12:15  Zerg Missile Weapons Level 2  
  137  12:23  Zerg Ground Armor Level 2  
  137  12:37  Queen  
  137  12:39  Drone  
  140  12:46  Drone x3  
  140  12:50  Extractor  
  142  12:54  Extractor  
  141  13:10  Corruptor  
  141  13:11  Corruptor  
  145  13:14  Viper  
  145  13:15  Viper  
  145  13:16  Hydralisk  
  145  13:17  Hydralisk x2  
  157  13:23  Drone x4  
  161  14:06  Hatchery x2  
  159  14:21  Muscular Augments  
  122  14:50  Hatchery  
  99  14:56  Hydralisk x6  
  109  15:01  Hydralisk x5  
  109  15:02  Hydralisk x7  
  109  15:03  Hydralisk x5  
  143  15:08  Hydralisk x7  
  143  15:09  Hydralisk x5  
  143  15:10  Hydralisk  
  143  15:11  Overlord  
  164  15:15  Hydralisk  
  164  15:16  Overlord x2  
  164  15:17  Hatchery, Overlord x3  
  153  15:50  Corruptor  
  153  15:51  Hydralisk x4  
  153  15:56  Overseer  
  163  15:58  Hydralisk x2  
  163  15:59  Hydralisk x3  
  163  16:01  Zerg Missile Weapons Level 3  
  163  16:03  Zerg Ground Armor Level 3  
  173  16:31  Corruptor x2  
  177  16:34  Overseer  
  177  17:01  Hatchery  
  177  17:07  Queen  
  178  17:15  Hatchery  
  177  17:27  Greater Spire  
  177  17:29  Hatchery  
  176  17:33  Spire  
  151  18:12  Hydralisk  
  151  18:13  Hydralisk x6  
  151  18:14  Hydralisk x2  
  151  18:19  Hydralisk x5  
  175  18:25  Swarm Host  
  182  18:52  Queen  
  182  18:54  Drone x3  
  187  19:12  Hatchery  
  186  21:12  Hatchery  
  186  21:16  Hatchery  
  184  21:23  Hatchery  
  183  21:35  Hatchery  
  183  21:39  Hydralisk x6  
Tags
 
Add a new tag
Caveats
  • Supply blocks, unpowered buildings, or Contaminate may cause inaccurate times.
  • Supply counts are checked every 10 seconds.